 Dungeon Crawl Stone Soup version 0.29.1-2-gbd0b4ee654 (webtiles) character file.

Game seed: 10722788207217719096

443 Kranky the Shield-Bearer (level 7, 0/52 HPs)
             Began as a Gnoll Wanderer on Nov 7, 2022.
             Succumbed to a killer bee's poison
             ... on level 4 of the Dungeon.
             The game lasted 00:15:15 (5243 turns).

Kranky the Shield-Bearer (Gnoll Wanderer)           Turns: 5243, Time: 00:15:15

Health: 0/52       AC:  6    Str: 11    XL:     7   Next: 2%
Magic:  10/12      EV: 12    Int: 16    God:
Gold:   24         SH:  5    Dex: 12    Spells: 12/13 levels left

rFire   . . .      SeeInvis .   v - +2 dagger (elec)
rCold   . . .      Faith    .   x - +0 buckler of Tivugu {Rampage Int+3}
rNeg    . . .      Spirit   .   e - +0 robe
rPois   .          Reflect  .   (no helmet)
rElec   .          Harm     .   j - +2 cloak
rCorr   .          Rampage  +   u - +0 pair of gloves
Will    .....                   (no boots)
Stlth   ++........              (no amulet)
HPRegen 0.17/turn               (no ring)
MPRegen 0.13/turn               (no ring)

@: lethally poisoned (0 -> -3)
A: fangs 1, strong nose, distributed training
a: no special abilities


You were on level 4 of the Dungeon.
You visited 1 branch of the dungeon, and saw 5 of its levels.

You collected 252 gold pieces.
You spent 228 gold pieces at shops.

Inventory:

Hand Weapons
 a - a +0 dagger
 n - a +4 dagger
 v - a +2 dagger of electrocution (weapon)
Missiles
 q - 10 poisoned darts
 y - a throwing net
Armour
 c - a +0 buckler
 e - a +0 robe (worn)
 j - a +2 cloak (worn)
 s - an orb of light
 u - a +0 pair of gloves (worn)
 x - the +0 buckler of Tivugu (worn) {Rampage Int+3}
   (You bought it in a shop on level 4 of the Dungeon)

   Int:       It affects your intelligence (+3).
   Rampage:   It bestows one free step when moving towards enemies.
Scrolls
 d - 3 scrolls of teleportation
 f - a scroll of fear
 k - a scroll of silence {unknown}
 m - a scroll of immolation {unknown}
 o - a scroll of enchant armour {unknown}
 p - a scroll of blinking {unknown}
 r - a scroll of butterflies {unknown}
 t - a scroll of summoning {unknown}
 w - a scroll of noise {unknown}
Potions
 b - 6 potions of heal wounds
 g - a potion of mutation {unknown}
 h - 2 potions of flight {unknown}
 i - a potion of curing {unknown}
 l - 3 potions of lignification {unknown}
 z - a potion of might {unknown}
 A - a potion of invisibility {unknown}


   Skills:
 + Level 3.5 Fighting
 + Level 2.3 Short Blades
 + Level 2.3 Long Blades
 + Level 2.3 Axes
 + Level 2.3 Maces & Flails
 + Level 2.3 Polearms
 + Level 2.3 Staves
 + Level 2.3 Ranged Weapons
 + Level 2.3 Throwing
 + Level 2.3 Armour
 + Level 3.5 Dodging
 + Level 3.3 Stealth
 + Level 7.0 Shields
 + Level 5.1 Unarmed Combat
 + Level 3.6 Spellcasting
 + Level 1.8 Conjurations
 + Level 1.8 Hexes
 + Level 1.8 Summonings
 + Level 1.8 Necromancy
 + Level 1.8 Translocations
 + Level 1.8 Transmutations
 + Level 1.8 Fire Magic
 + Level 1.8 Ice Magic
 + Level 2.8 Air Magic
 + Level 1.8 Earth Magic
 + Level 1.8 Poison Magic
 + Level 2.5 Invocations
 + Level 2.3 Evocations


You had 12 spell levels left.
You knew the following spells:

 Your Spells              Type           Power      Damage    Failure   Level
a - Shock                 Conj/Air       40%        1d5       9%          1

Your spell library contained the following spells:

 Spells                   Type           Power      Damage    Failure   Level
 Swiftness                Air            12%        N/A       21%         3
 Call Canine Familiar     Summ           8%         N/A       30%         3
 Portal Projectile        Hex/Tloc       16%        N/A       30%         3
 Leda's Liquefaction      Hex/Erth       4%         N/A       71%         4
 Passage of Golubria      Tloc           8%         N/A       71%         4
 Silence                  Hex/Air        5%         N/A       93%         5
 Lehudib's Crystal Spear  Conj/Erth      4%         10d3      100%        8


Dungeon Overview and Level Annotations

Branches:
Dungeon (5/15)
 Temple: D:4-7

Altars:
Makhleb
Nemelex Xobeh

Shops:
D:4 [

Annotations:
D:4 1 runed translucent door, Crazy Yiuf
D:5 Pikel


Innate Abilities, Weirdness & Mutations

You have very sharp teeth.
Your uncanny sense of smell can sniff out nearby items.
Your experience applies equally to all skills.


Message History

You miss the killer bee.
The killer bee is lightly wounded.
You feel sick.
You are no longer poisoned.
The killer bee stings you!
You are poisoned.
The killer bee poisons you! The killer bee barely misses you.
Casting: Shock (safe; 9% risk of failure)
Confirm with . or Enter, or press ? or * to list all spells.
Aiming: Shock (safe; 9% risk of failure)
Press: ? - help, Shift-Dir - straight line, f - killer bee
Aim: a killer bee (lightly wounded, 39% to hit)
The zap hits the killer bee.
The killer bee is moderately wounded.
You feel sick. The killer bee closely misses you. The killer bee stings you!
* * * LOW HITPOINT WARNING * * *
Casting: Shock (safe; 9% risk of failure)
Confirm with . or Enter, or press ? or * to list all spells.
Aiming: Shock (safe; 9% risk of failure)
Press: ? - help, Shift-Dir - straight line, f/p - killer bee
Aim: a killer bee (moderately wounded, 39% to hit)
The zap hits the killer bee.
The killer bee is heavily wounded.
* * * LOW HITPOINT WARNING * * *
You feel sick.
The killer bee stings you but does no damage.
You block the killer bee's attack.
You hit the killer bee.
The killer bee is severely wounded.
You feel sick. The killer bee stings you.
* * * LOW HITPOINT WARNING * * *
The killer bee closely misses you.
You miss the killer bee.
The killer bee is severely wounded.
* * * LOW HITPOINT WARNING * * *
You feel sick. You block the killer bee's attack.
The killer bee stings you but does no damage.
You miss the killer bee.
The killer bee is severely wounded.
You die...

### #.# ##### ##.### #...##
#....# #.#..# ###...## ##.####
##[....# ##...##. #....@.#
##....... ###...y..# #........
#.###....### #........
##.##.......## #........
#............####.#####.. ####
##....[[[...##.#...###...
###..######....##..#.......#...#
#......## ##..###........8.#.8.#
##......# #....##.#.......(#....


You could see a killer bee.

Vanquished Creatures
  A lemure (D:4)
  A phantom (D:4)
  A necrophage (D:4)
  2 killer bees (D:4)
  An iguana (D:4)
  An orc wizard (D:4)
  4 gnolls (D:4)
  4 adders
  3 worms
  A dart slug (D:3)
  6 orcs (D:4)
  3 bats
  3 endoplasms
  3 giant cockroaches
  3 hobgoblins
  12 jackals
  9 kobolds
  5 quokkas
  12 ball pythons
  A frilled lizard (D:2)
  5 goblins
  5 rats
86 creatures vanquished.

Vanquished Creatures (others)
  9 fungi (D:4)
9 creatures vanquished.

Grand Total: 95 creatures vanquished

Notes
Turn   | Place    | Note
-------+----------+-------------------------------------------
     0 | D:1      | Kranky the Gnoll Wanderer began the quest for the Orb.
     0 | D:1      | Kranky set off with the following items: a +0 dagger, a
                  | potion of heal wounds, a +0 buckler, a scroll of
                  | teleportation, a +0 robe, a scroll of fear; and the
                  | following spell memorised: Shock; and the following spells
                  | available to memorise: Swiftness.
     0 | D:1      | Reached XP level 1. HP: 17/17 MP: 4/4
   328 | D:1      | Reached XP level 2. HP: 23/23 MP: 3/5
  1174 | D:2      | Reached XP level 3. HP: 28/28 MP: 2/7
  1420 | D:2      | Found a burning altar of Makhleb.
  1511 | D:2      | Reached skill level 1 in Invocations
  1870 | D:3      | Reached skill level 1 in Short Blades
  1870 | D:3      | Reached skill level 1 in Long Blades
  1870 | D:3      | Reached skill level 1 in Axes
  1870 | D:3      | Reached skill level 1 in Maces & Flails
  1870 | D:3      | Reached skill level 1 in Polearms
  1870 | D:3      | Reached skill level 1 in Staves
  1870 | D:3      | Reached skill level 1 in Ranged Weapons
  1870 | D:3      | Reached skill level 1 in Throwing
  1870 | D:3      | Reached skill level 1 in Armour
  1870 | D:3      | Reached skill level 1 in Evocations
  1895 | D:3      | Reached XP level 4. HP: 23/34 MP: 1/8
  2054 | D:3      | Found a faded altar of an unknown god.
  2497 | D:4      | Reached skill level 1 in Conjurations
  2497 | D:4      | Reached skill level 1 in Hexes
  2497 | D:4      | Reached skill level 1 in Summonings
  2497 | D:4      | Reached skill level 1 in Necromancy
  2497 | D:4      | Reached skill level 1 in Translocations
  2497 | D:4      | Reached skill level 1 in Transmutations
  2497 | D:4      | Reached skill level 1 in Fire Magic
  2497 | D:4      | Reached skill level 1 in Ice Magic
  2497 | D:4      | Reached skill level 1 in Earth Magic
  2497 | D:4      | Reached skill level 1 in Poison Magic
  2734 | D:4      | Noticed a necrophage
  2749 | D:4      | Killed a necrophage
  2750 | D:4      | Reached XP level 5. HP: 14/41 MP: 1/9
  2979 | D:4      | Noticed a phantom
  3003 | D:4      | Killed a phantom
  3004 | D:4      | Reached XP level 6. HP: 34/47 MP: 9/11
  3018 | D:4      | Found a sparkling altar of Nemelex Xobeh.
  3089 | D:4      | Reached skill level 5 in Unarmed Combat
  3454 | D:4      | Found Ozaq's Antique Armour Emporium.
  3462 | D:4      | Bought a heavily runed buckler for 228 gold pieces
  3462 | D:4      | Identified the +0 buckler of Tivugu {Rampage Int+3} (You
                  | bought it in a shop on level 4 of the Dungeon)
  4141 | D:4      | Found a runed translucent door.
  4142 | D:4      | Noticed Crazy Yiuf
  4307 | D:5      | Entered Level 5 of the Dungeon
  4309 | D:5      | Noticed Pikel
  5017 | D:4      | Reached skill level 7 in Shields
  5017 | D:4      | Reached XP level 7. HP: 23/52 MP: 10/12
  5241 | D:4      | HP: 2/52 [killer bee (4)]
  5243 | D:4      | Succumbed to a killer bee's poison

Illustrated notes

Levels and vault maps discovered:
D:1:      ebering_hopf_link, layout_loops_cross
D:2:      layout_rooms, basic_altar, kennysheep_generic_room_11
D:3:      layout_rooms, basic_ecumenical_altar, minmay_three_crescents
D:4:      layout_cave_pools, mainiacjoe_overflow_chevrons, serial_shops,
          nicolae_shop_hallway_stairs, mrwooster_statue_mirror,
          uniq_crazy_yiuf_cottage
D:5:      layout_rooms, mainiacjoe_overflow_divided_tiny,
          amcnicky_mini_corridor_feature, minmay_misc_feat_secret_circle,
          doesnt_shop_hydraphobe, uniq_pikel, uniq_edmund

Skill      XL: |  1  2  3  4  5  6 |
---------------+-------------------+-----
Air Magic      | 2 |  2.8
Invocations    | 1 2 |  2.5
Short Blades   | 1 2 |  2.3
Long Blades    | 1 2 |  2.3
Axes           | 1 2 |  2.3
Maces & Flails | 1 2 |  2.3
Polearms       | 1 2 |  2.3
Staves         | 1 2 |  2.3
Ranged Weapons | 1 2 |  2.3
Throwing       | 1 2 |  2.3
Armour         | 1 2 |  2.3
Evocations     | 1 2 |  2.3
Spellcasting   | 3 |  3.6
Conjurations   | 1 |  1.8
Hexes          | 1 |  1.8
Summonings     | 1 |  1.8
Necromancy     | 1 |  1.8
Translocations | 1 |  1.8
Transmutations | 1 |  1.8
Fire Magic     | 1 |  1.8
Ice Magic      | 1 |  1.8
Earth Magic    | 1 |  1.8
Poison Magic   | 1 |  1.8
Fighting       | 3 |  3.5
Dodging        | 3 |  3.5
Stealth        | 3 |  3.3
Unarmed Combat | 5 |  5.1
Shields        | 7 |  7.0

Action                   |  1- 3 |  4- 6 |  7- 9 || total
-------------------------+-------+-------+-------++-------
Melee: Dagger            |    54 |   168 |    10 ||   232
       Bite              |     3 |    13 |     1 ||    17
 Cast: Shock             |    51 |    33 |     2 ||    86
 Stab: Sleeping          |     1 |     3 |       ||     4
Armor: Robe              |    22 |    38 |     3 ||    63
Dodge: Dodged            |    65 |   102 |    12 ||   179
Block: Buckler           |    17 |    48 |     5 ||    70
